 Dungeon Crawl Stone Soup version 0.24-a0-269-g32ec7ca (console) character file.

Game seed: 10595457483521395458

61275 bli the Slicer (level 14, -1/136 HPs)
             Began as a Grey Draconian Fighter on Apr 1, 2019.
             Was the Champion of Dithmenos.
             Slain by an alligator (20 damage)
             ... on level 1 of the Swamp on Apr 21, 2019.
             The game lasted 01:26:23 (18680 turns).

bli the Slicer (Grey Draconian Fighter)            Turns: 18680, Time: 01:26:24

Health: -1/136     AC: 18    Str: 25    XL:     14   Next: 60%
Magic:  18/18      EV: 19    Int:  7    God:    Dithmenos [******]
Gold:   612        SH: 13    Dex: 13    Spells: 13/13 levels left

rFire    . . .     SeeInvis .   b - +2 rapier (venom)
rCold    . . .     Gourm    .   r - +0 shield
rNeg     . . .     Faith    .   (armour unavailable)
rPois    .         Spirit   .   (helmet restricted)
rElec    .         Reflect  .   v - +0 cloak
rCorr    .         Harm     .   D - +2 pair of gloves
MR       +++..     Clarity  +   E - +0 pair of boots
Stlth    +++++++...             P - necklace of Bloodlust {*Rage +Rage MR++ Int-3 Slay+6 *Curse}
HPRegen  0.32/turn              X - +2 ring of evasion
MPRegen  0.16/turn              Z - +5 ring of strength

@: wreathed by umbra, lightly drained
A: walk through water, unfitting armour, clarity, robust 1, wild magic 1,
unbreathing, no potion heal 1, cold-blooded, AC +13
a: Shadow Step, Shadow Form, Renounce Religion, Evoke Berserk Rage


You were on level 1 of the Swamp.
You worshipped Dithmenos.
Dithmenos was exalted by your worship.
You were not hungry.

You visited 5 branches of the dungeon, and saw 20 of its levels.
You also visited: Sewer.

You collected 1382 gold pieces.
You spent 770 gold pieces at shops.

Inventory:

Hand Weapons
 a - a +4 rapier of speed
 b - a +2 rapier of venom (weapon)
 c - a +2 dagger of draining
 O - a +2 dagger of freezing
 Q - a +0 scimitar of flaming
Armour
 r - a +0 shield (worn)
 v - a +0 cloak (worn)
 D - a +2 pair of gloves (worn)
 E - a +0 pair of boots (worn)
Jewellery
 e - an uncursed ring of wizardry
 g - an uncursed amulet of guardian spirit
 p - an uncursed ring of protection from cold
 I - an uncursed ring of resist corrosion
 M - an uncursed ring of see invisible
 P - the necklace of Bloodlust (around neck) {*Rage +Rage MR++ Int-3 Slay+6 *Curse}
   (You found it on level 1 of the Lair of Beasts)

   [amulet of rage]

   It affects your intelligence (-3).
   It affects your accuracy and damage with ranged weapons and melee attacks
   (+6).
   It affects your resistance to hostile enchantments.
   It lets you go berserk.
   It may make you go berserk in combat.
   It curses itself when equipped.
 R - a +3 amulet of reflection {unknown}
 V - an uncursed ring of magical power
 X - a +2 ring of evasion (left hand)
 Z - a +5 ring of strength (right hand)
Wands
 u - a wand of flame (11)
 z - a wand of digging (24)
 F - a wand of paralysis (13)
 G - a wand of disintegration (15)
 N - a wand of polymorph (8)
 T - a wand of enslavement (7)
Scrolls
 h - 4 scrolls of magic mapping {unknown}
 i - 3 scrolls of fear {unknown}
 l - 14 scrolls of remove curse
 m - 8 scrolls of teleportation {unknown}
 w - 4 scrolls of fog
 x - 3 scrolls of blinking {unknown}
 H - 5 scrolls of amnesia
 J - a scroll of torment {unknown}
 K - 3 scrolls of enchant weapon {unknown}
 L - 2 scrolls of immolation {unknown}
 S - a scroll of summoning {unknown}
 U - a scroll of enchant armour
 Y - a scroll of holy word {unknown}
Potions
 f - 2 potions of berserk rage {unknown}
 j - 2 potions of agility
 n - 10 potions of heal wounds
 o - 8 potions of curing
 q - a potion of lignification
 t - 5 potions of haste
 y - 6 potions of might
 B - 3 potions of flight
 C - a potion of ambrosia
 W - 2 potions of cancellation
Miscellaneous
 s - a fan of gales
Comestibles
 d - 38 rations


   Skills:
 + Level 11.4(11.3) Fighting
 + Level 13.7(13.6) Short Blades
 * Level 9.5(9.4) Dodging
 * Level 8.7(8.6) Stealth
 + Level 11.7(11.6) Shields
 * Level 5.5(5.4) Invocations
 + Level 5.1(5.0) Evocations


You had 13 spell levels left.
You didn't know any spells.
Your spell library contained the following spells:

 Spells                   Type           Power        Failure   Level  Hunger
 Animate Skeleton         Necr           N/A          65%         1    ##.....
 Apportation              Tloc           #.....       65%         1    ##.....
 Beastly Appendage        Tmut           #.....       65%         1    ##.....
 Confusing Touch          Hex            #.....       65%         1    ##.....
 Flame Tongue             Conj/Fire      #....        65%         1    ##.....
 Infusion                 Chrm           #...         65%         1    ##.....
 Sting                    Conj/Pois      #...         65%         1    ##.....
 Summon Small Mammal      Summ           #...         65%         1    ##.....
 Passwall                 Tmut/Erth      #.......     78%         2    ###....
 Poisonous Vapours        Pois/Air       #.....       78%         2    ###....
 Shroud of Golubria       Chrm/Tloc      #.........   78%         2    ###....
 Song of Slaying          Chrm           #.......     78%         2    ###....
 Sticks to Snakes         Tmut           #.......     78%         2    ###....
 Throw Flame              Conj/Fire      #.....       78%         2    ###....
 Conjure Flame            Conj/Fire      #.......     95%         3    ####...
 Inner Flame              Hex/Fire       #.......     95%         3    ####...
 Mephitic Cloud           Conj/Pois/Air  #.......     95%         3    ####...
 Regeneration             Chrm/Necr      #.........   95%         3    ####...
 Spectral Weapon          Hex/Chrm       #.......     95%         3    ####...
 Spider Form              Tmut/Pois      #.........   95%         3    ####...
 Cause Fear               Hex            #.........   100%        4    #####..
 Ice Form                 Ice/Tmut       #.......     100%        4    #####..
 Olgreb's Toxic Radiance  Pois           #.......     100%        4    #####..
 Sticky Flame             Conj/Fire      #.......     100%        4    #####..
 Alistair's Intoxication  Tmut/Pois      #.......     100%        5    ######.
 Blade Hands              Tmut           #.........   100%        5    ######.
 Fireball                 Conj/Fire      #.........   100%        5    ######.
 Silence                  Hex/Air        #.........   100%        5    ######.
 Summon Forest            Summ/Tloc      #.........   100%        5    ######.
 Venom Bolt               Conj/Pois      #.........   100%        5    ######.
 Yara's Violent Unravell  Hex/Tmut       #.........   100%        5    ######.
 Deflect Missiles         Chrm/Air       #.........   100%        6    #######
 Discord                  Hex            #.........   100%        8    #######


Dungeon Overview and Level Annotations

Branches:
Dungeon (11/15)            Temple (0/1) D:6            Lair (6/6) D:9
  Swamp (1/4) Lair:3        Snake (1/4) Lair:4        Slime (1/5) Lair:6
    Orc (0/2) D:10

Altars:
Ashenzari
Dithmenos
Gozag
Makhleb
Nemelex Xobeh
Vehumet
Xom
Yredelemnul
Zin

Shops:
D:6 :   D:8 !   D:10 [


Innate Abilities, Weirdness & Mutations

You can walk through water.
Your dull iron-grey scales are very hard. (AC +13)
You cannot fit into any form of body armour.
You can survive without breathing.
You are cold-blooded and may be slowed by cold attacks.
You possess an exceptional clarity of mind.
You are robust. (+10% HP)
Your spells are a little harder to cast, but a little more powerful.
Potions are less effective at restoring your health.


Message History

The alligator tail-slaps you but does no damage.
You block the hornet's attack. x2
You closely miss the alligator.
The alligator is heavily wounded.
Your shadow hits the alligator but does no damage.
The alligator bites you but does no damage.
You block the alligator's attack. You block the hornet's attack.
You hit the hornet.
The hornet is poisoned.
Your tail-slap misses the hornet.
The hornet is lightly wounded.
The hornet closely misses you. You block the alligator's attack.
The alligator tail-slaps you.
* * * LOW HITPOINT WARNING * * *
You puncture the hornet!
The hornet looks as sick as possible!
You tail-slap the hornet, but do no damage.
The hornet is heavily wounded.
Your shadow hits the hornet but does no damage.
The hornet closely misses you. You block the hornet's attack.
As you read the scroll labeled SUATUZX UZUGO, it crumbles to dust.
It is a scroll of amnesia.
You feel forgetful for a moment. The hornet misses you.
You block the hornet's attack. The alligator bites you!!
You die...

♣.......≈§≈≈♣♣♣.≈≈♣
♣.≈≈≈≈≈.≈≈♣ ♣..≈♣
♣≈.≈..≈♣♣ ♣≈≈♣♣
♣.≈♣§≈≈♣ ♣.≈♣
♣..≈≈÷♣ ♣.≈♣ ♣
♣≈≈.≈♣ ♣.≈♣ .♣♣
♣...♣♣ ♣..♣
≈.♣♣♣.≈†♣ ♣..♣
≈....≈♣.♣ ♣..♣
..≈≈≈≈≈.♣ ♣ty♣
§≈≈..≈≈.♣♣ ♣@y♣
≈.≈≈.♣≈..♣♣ ♣≈.♣
♣♣.≈......♣♣ ♣≈.♣
♣.≈.≈≈.≈..♣ ♣..♣
♣♣...♣.≈÷.♣♣ ♣..♣
♣♣♣.......♣♣♣♣≈.♣♣♣♣
♣..♣......♣≈≈≈♣..♣
♣≈.♣♣♣..<§.≈♣...♣♣
♣≈.♣ ♣♣.♣≈≈≈♣♣≈♣♣
♣≈.♣ ♣.≈≈≈≈♣♣.♣ ♣≈.♣
♣≈≈≈....♣♣


You could see an alligator and 2 hornets.

Vanquished Creatures
  Harold (D:7)
  A shambling mangrove (Swamp:1)
  3 catoblepae (Lair:6)
  Erica (Lair:1)
  A hydra (Lair:6)
  11 death yaks
  Nergalle (Lair:3)
  A swamp dragon (Swamp:1)
  A fire crab (Lair:5)
  3 manticores
  3 black mambas
  Joseph (Lair:1)
  An eye of devastation (Slime:1)
  14 elephants
  A naga mage (Snake:1)
  5 spiny frogs
  A gargoyle (D:11)
  2 torpor snails (Lair:6)
  2 rime drakes
  4 komodo dragons
  A queen bee (Lair:2)
  A polar bear (Lair:4)
  A slime creature (Lair:6)
  A hornet (Swamp:1)
  11 blink frogs
  2 bog bodies
  8 hippogriffs
  A spriggan (Lair:4)
  3 wyverns
  Eustachio (D:6)
  48 yaks
  5 basilisks
  2 hungry ghosts
  A two-headed ogre zombie (D:10)
  A naga (Snake:1)
  6 porcupines
  5 water moccasins
  3 ice beasts
  2 black bears
  A swamp drake (Swamp:1)
  2 sky beasts
  A necrophage (D:9)
  3 ogres
  4 phantoms
  7 wolves
  2 centaurs (D:10)
  13 crocodiles
  A big kobold (Sewer)
  13 bullfrogs
  A gnoll sergeant (D:6)
  3 scorpions (D:9)
  A troll zombie (D:10)
  4 wights
  46 killer bees
  2 electric eels
  A howler monkey (D:5)
  A centaur zombie (D:9)
  6 crimson imps
  A quasit (D:10)
  2 bullfrog zombies
  3 hounds
  5 jellies
  A centaur skeleton (D:10)
  4 orc wizards
  Crazy Yiuf (D:7)
  Terence (D:2)
  Natasha (thrice) (D:2)
  2 iguanas
  10 worker ants
  6 ogre zombies (D:10)
  A hound zombie (D:8)
  A hound skeleton (D:6)
  Robin (D:3)
  A howler monkey zombie (D:6)
  11 gnolls
  A river rat (Sewer)
  4 adders
  4 shadow imps
  2 oozes
  4 worms
  A dart slug (D:2)
  12 leopard geckos
  23 orcs
  6 bats
  8 giant cockroaches
  14 goblins
  8 hobgoblins
  8 jackals
  9 kobolds
  4 quokkas
  5 frilled lizards
  A goblin skeleton (D:10)
  5 goblin zombies (D:10)
  A hobgoblin skeleton (D:10)
  4 hobgoblin zombies (D:10)
  A leopard gecko zombie (D:4)
  2 orc skeletons (D:10)
  12 orc zombies (D:10)
  14 rats
  A fungus (Lair:4)
  2 plants
483 creatures vanquished.

Vanquished Creatures (others)
  An orc wizard (D:11)
  2 butterflies (Lair:1)
  15 fungi
  6 plants (Lair:6)
24 creatures vanquished.

Grand Total: 507 creatures vanquished

Notes
Turn   | Place    | Note
-------+----------+-------------------------------------------
     0 | D:1      | bli the Draconian Fighter began the quest for the Orb.
     0 | D:1      | Reached XP level 1. HP: 19/19 MP: 1/1
   177 | D:1      | Reached XP level 2. HP: 22/26 MP: 2/2
   910 | D:2      | Reached XP level 3. HP: 17/33 MP: 3/3
  1367 | D:2      | Noticed Natasha
  1374 | D:2      | Killed Natasha
  1374 | D:2      | Reached skill level 3 in Short Blades
  1374 | D:2      | Reached XP level 4. HP: 25/40 MP: 1/4
  1498 | D:2      | Noticed Natasha
  1506 | D:2      | Killed Natasha
  1568 | D:2      | Noticed Terence
  1590 | D:2      | Killed Terence
  1622 | D:2      | Noticed Natasha
  1634 | D:2      | Killed Natasha
  1634 | D:2      | Reached XP level 5. HP: 30/47 MP: 2/5
  1969 | D:3      | Noticed Robin
  1977 | D:3      | Reached skill level 4 in Short Blades
  2216 | D:3      | Killed Robin
  2494 | D:3      | Reached XP level 6. HP: 51/53 MP: 3/6
  3204 | D:4      | Found a glowing drain.
  3208 | Sewer    | Entered a sewer
  3321 | Sewer    | Reached skill level 5 in Fighting
  3342 | Sewer    | Found a white marble altar of Elyvilon.
  3817 | D:4      | Found a shadowy altar of Dithmenos.
  3824 | D:4      | Became a worshipper of Dithmenos the Shadowed
  4002 | D:5      | Entered Level 5 of the Dungeon
  4259 | D:5      | Found a burning altar of Makhleb.
  4288 | D:5      | Found a glowing silver altar of Zin.
  4289 | D:5      | Noticed a green death
  4289 | D:5      | Noticed an angel
  4381 | D:5      | Reached skill level 5 in Short Blades
  4381 | D:5      | Your scales start taking on a dull iron-grey colour.
  4381 | D:5      | Reached XP level 7. HP: 59/61 MP: 7/7
  4381 | D:5      | Gained mutation: You can survive without breathing. [Grey
                  | Draconian growth]
  4465 | D:5      | Found an opulent altar of Gozag.
  4525 | D:5      | Reached skill level 1 in Stealth
  4546 | D:5      | Reached * piety under Dithmenos
  4788 | D:6      | Reached skill level 6 in Short Blades
  4902 | D:6      | Reached XP level 8. HP: 62/69 MP: 6/8
  5108 | D:6      | Found a radiant altar of Vehumet.
  5108 | D:6      | Found a basalt altar of Yredelemnul.
  5111 | D:6      | Reached skill level 5 in Shields
  5122 | D:6      | Found a shattered altar of Ashenzari.
  5128 | D:6      | Found an opulent altar of Gozag.
  5129 | D:6      | Found a faded altar of an unknown god.
  5176 | D:6      | Reached skill level 1 in Evocations
  5187 | D:6      | Noticed Eustachio
  5194 | D:6      | Reached skill level 7 in Short Blades
  5237 | D:6      | Killed Eustachio
  5329 | D:6      | Found Neghyac's Book Shoppe.
  5330 | D:6      | Found a staircase to the Ecumenical Temple.
  5381 | D:6      | Reached ** piety under Dithmenos
  5494 | D:7      | Noticed Harold
  5516 | D:7      | Killed Harold
  5516 | D:7      | Reached skill level 8 in Short Blades
  5516 | D:7      | Reached XP level 9. HP: 24/75 MP: 3/10
  6001 | D:7      | Found a runed translucent door.
  6002 | D:7      | Noticed Crazy Yiuf
  6013 | D:7      | Killed Crazy Yiuf
  6118 | D:7      | Reached skill level 9 in Short Blades
  6847 | D:8      | Found Gin Duyp's Distillery.
  6853 | D:8      | Bought a potion of heal wounds for 70 gold pieces
  7080 | D:9      | Found a sparkling altar of Nemelex Xobeh.
  7106 | D:9      | Noticed a death yak
  7113 | D:9      | Noticed a death yak
  7122 | D:9      | Killed a death yak
  7122 | D:9      | Reached skill level 5 in Dodging
  7148 | D:9      | Killed a death yak
  7148 | D:9      | Reached skill level 10 in Short Blades
  7148 | D:9      | Reached XP level 10. HP: 43/84 MP: 6/11
  7201 | D:9      | Noticed a death yak
  7204 | D:9      | Noticed a death yak
  7236 | D:9      | Killed a death yak
  7473 | D:8      | Gained mutation: Potions are less effective at restoring
                  | your health. [potion of mutation]
  7473 | D:8      | Gained mutation: You are robust. (+10% HP) [potion of
                  | mutation]
  7473 | D:8      | Gained mutation: You possess an exceptional clarity of
                  | mind. [potion of mutation]
  7473 | D:8      | Gained mutation: Your spells are a little harder to cast,
                  | but a little more powerful. [potion of mutation]
  7647 | D:9      | Killed a death yak
  7647 | D:9      | Reached skill level 11 in Short Blades
  7690 | D:9      | Found a staircase to the Lair.
  8061 | D:9      | Noticed a death yak
  8114 | D:9      | Killed a death yak
  8408 | D:10     | Entered Level 10 of the Dungeon
  8453 | D:10     | Reached XP level 11. HP: 80/103 MP: 9/13
  8474 | D:10     | Found Seuqul's Antique Armour Emporium.
  8605 | D:10     | Reached *** piety under Dithmenos
  8907 | D:10     | Found a staircase to the Orcish Mines.
  9037 | D:10     | Reached **** piety under Dithmenos
  9607 | D:11     | Reached skill level 12 in Short Blades
 10097 | Lair:1   | Entered Level 1 of the Lair of Beasts
 10100 | Lair:1   | Found the cursed necklace of Bloodlust {*Rage +Rage MR++
                  | Int-3 Slay+6 *Curse}
 10200 | Lair:1   | Noticed Erica
 10218 | Lair:1   | Killed Erica
 10723 | Lair:1   | Noticed Joseph
 10738 | Lair:1   | Killed Joseph
 10943 | Lair:2   | Reached skill level 5 in Stealth
 10946 | Lair:2   | Reached ***** piety under Dithmenos
 11175 | Lair:2   | Reached XP level 12. HP: 115/115 MP: 14/14
 11573 | Lair:2   | Reached skill level 10 in Shields
 12262 | Lair:3   | Noticed Nergalle
 12271 | Lair:3   | Killed Nergalle
 12328 | Lair:3   | Found a staircase to the Swamp.
 12459 | D:8      | Bought a potion of experience for 700 gold pieces
 12459 | D:8      | Reached skill level 10 in Fighting
 12459 | D:8      | Reached skill level 13 in Short Blades
 12459 | D:8      | Reached skill level 1 in Invocations
 12459 | D:8      | Reached XP level 13. HP: 123/125 MP: 14/16
 12794 | Lair:3   | Identified the Grimoire of Dislocated Moulding
 13330 | Swamp:1  | Entered Level 1 of the Swamp
 13447 | Lair:4   | Found a staircase to the Snake Pit.
 14148 | Lair:4   | Upgraded the game from 0.24-a0-228-g05560da to
                  | 0.24-a0-269-g32ec7ca
 14332 | Lair:4   | Reached skill level 5 in Evocations
 14410 | Lair:4   | Found a shimmering altar of Xom.
 15670 | Lair:6   | Entered Level 6 of the Lair of Beasts
 15951 | Lair:6   | Reached XP level 14. HP: 130/134 MP: 17/17
 15960 | Lair:6   | Reached ****** piety under Dithmenos
 16407 | Lair:6   | Found a staircase to the Slime Pits.
 16466 | Slime:1  | Entered Level 1 of the Pits of Slime
 17454 | Lair:6   | Reached skill level 5 in Invocations
 18368 | Snake:1  | Entered Level 1 of the Snake Pit
 18674 | Swamp:1  | Paralysed by a hornet for 1 turns
 18680 | Swamp:1  | Slain by an alligator

Levels and vault maps discovered:
D:1:      dpeg_arrival_court, layout_basic
D:2:      layout_basic, uniq_terence, uniq_natasha
D:3:      layout_loops_ring, uniq_robin
D:4:      layout_loops_ring, kennysheep_little_box, gup_sewer_entry_bowl
D:5:      layout_rooms, grunt_temple_overflow_order_and_chaos_2, first_ration,
          nicolae_gozag_cash_rules_everything_around_me
D:6:      layout_rooms, chequers_temple_overflow_minitemple, temple_statues,
          serial_shops, nicolae_shop_stone, uniq_eustachio
D:7:      layout_loops_ring, kennysheep_generic_room_4, uniq_harold,
          uniq_crazy_yiuf_cottage
D:8:      layout_loops_ring, serial_shops, shop
D:9:      layout_loops_ring, dpeg_lair_monsters, nemelex_spade_bored_becter
D:10:     layout_roguey, zombieorc2_lemuel, serial_shops, kennysheep_mini
D:11:     layout_roguey
Lair:1:   layout_regular_city, lemuel_old_faithful, serial_bayou_shore_a,
          lemuel_fruit_fields, lemuel_fruit_fields, uniq_erica, uniq_joseph
Lair:2:   regret_index_bee_streams, layout_long_grid, ldierk_geyser,
          serial_bayou_shore_b
Lair:3:   layout_small_grid, skrybe_swamp_entry_bodies, hibernation_bobbens,
          uniq_nergalle
Lair:4:   layout_regular_city, dummy_snake_entry, basic_altar,
          grunt_forest_stairs_clearing
Lair:5:   layout_small_grid, lookout_lair_type
Lair:6:   evilmike_catoblepas_cave, layout_small_grid,
          nicolae_slime_entry_slimehenge
Swamp:1:  layout_falls_marsh, evilmike_swamp_ruin_rubble_1, swamp_pool4,
          lemuel_altar_in_water
Snake:1:  layout_rooms, st_stairs_8, grunt_ministairs_13, uniq_donald
Slime:1:  layout_caves
Sewer:    sewer_kobolds

Skill      XL: |  1  2  3  4  5  6  7  8  9 10 11 12 13 14 |
---------------+-------------------------------------------+-----
Dodging        | 3 4 5 6 7 8 9 |  9.5
Short Blades   | 3 4 5 6 8 10 11 12 13 | 13.7
Fighting       | 4 5 6 7 9 10 11 | 11.4
Shields        | 4 6 7 8 9 10 11 | 11.7
Stealth        | 1 2 3 5 7 8 |  8.7
Evocations     | 1 2 3 4 5 |  5.1
Invocations    | 1 3 5 |  5.5

Action                   |  1- 3 |  4- 6 |  7- 9 | 10-12 | 13-15 || total
-------------------------+-------+-------+-------+-------+-------++-------
Melee: Rapier            |    86 |    99 |   302 |   705 |   654 ||  1846
       Tailslap          |     8 |    29 |    47 |   102 |   126 ||   312
       Dagger            |    18 |   203 |     3 |       |       ||   224
Throw: Stone             |       |     8 |     5 |    37 |     1 ||    51
Evoke: Wand              |       |     6 |    14 |    17 |     3 ||    40
  Use: Scroll            |       |       |     1 |    10 |     4 ||    15
       Potion            |       |       |       |     3 |     1 ||     4
 Stab: Sleeping          |       |     1 |     3 |    23 |     9 ||    36
       Distracted        |       |       |     1 |     3 |     1 ||     5
       Paralysed         |       |       |       |     1 |       ||     1
  Eat: Chunk             |     2 |    10 |     8 |    17 |    13 ||    50
       Ration            |       |       |       |       |     3 ||     3
Armor: Skin              |    37 |    61 |    50 |    88 |    89 ||   325
Dodge: Dodged            |    49 |   110 |    93 |   233 |   263 ||   748
Block: Shield            |    54 |   123 |    97 |   261 |   240 ||   775

Table legend:
 A = Non-vault XP
 B = Vault XP
 C = Vault XP percentage of total XP
 D = Non-vault monster count
 E = Vault monster count
 F = Vault count percentage of total count
                 A         B        C        D         E       F
            +---------+---------+-------+---------+---------+-------
      Total |   36821 |   29907 |  44.8 |     317 |     164 |  34.1
            +---------+---------+-------+---------+---------+-------
        D:1 |      35 |       0 |   0.0 |      19 |       0 |   0.0
        D:2 |     184 |      85 |  31.6 |      30 |       9 |  23.1
        D:3 |      73 |      24 |  24.7 |      14 |       5 |  26.3
        D:4 |     145 |       9 |   5.8 |      13 |       4 |  23.5
        D:5 |     270 |       0 |   0.0 |      22 |       0 |   0.0
        D:6 |    1033 |     196 |  15.9 |      26 |       1 |   3.7
        D:7 |     806 |    1110 |  57.9 |      20 |       3 |  13.0
        D:8 |     238 |       0 |   0.0 |       5 |       0 |   0.0
        D:9 |     921 |    5337 |  85.3 |      13 |      10 |  43.5
       D:10 |    3756 |     774 |  17.1 |      28 |      36 |  56.2
       D:11 |    1588 |       0 |   0.0 |      24 |       0 |   0.0
     Lair:1 |    1537 |    1403 |  47.7 |       9 |       3 |  25.0
     Lair:2 |    1428 |    6322 |  81.6 |      10 |      46 |  82.1
     Lair:3 |    1216 |    1435 |  54.1 |       7 |       3 |  30.0
     Lair:4 |    7405 |     978 |  11.7 |      22 |       6 |  21.4
     Lair:5 |    4079 |       0 |   0.0 |      14 |       0 |   0.0
     Lair:6 |    8913 |   11520 |  56.4 |      34 |      26 |  43.3
    Swamp:1 |    2748 |       0 |   0.0 |       6 |       0 |   0.0
    Snake:1 |       0 |     591 | 100.0 |       0 |       2 | 100.0
    Slime:1 |     446 |       0 |   0.0 |       1 |       0 |   0.0
      Sewer |       0 |     123 | 100.0 |       0 |      10 | 100.0
            +---------+---------+-------+---------+---------+-------
